 Dungeon Crawl Stone Soup version 0.25.1-4-g9407a263a5 (webtiles) character file.

Game seed: 8804541799850061609

5142 Cazemata the Severer (level 10, -6/83 HPs)
             Began as a Minotaur Berserker on Nov 24, 2020.
             Was an Elder of Trog.
             Splashed by a brown ugly thing's acid (10 damage)
             ... on level 9 of the Dungeon on Nov 25, 2020.
             The game lasted 00:34:30 (8436 turns).

Cazemata the Severer (Minotaur Berserker)           Turns: 8436, Time: 00:34:31

Health: -6/83      AC:  4    Str: 21    XL:     10   Next: 33%
Magic:  13/13      EV: 11    Int:  7    God:    Trog [****..]
Gold:   638        SH:  0    Dex: 11    Spells: 9/9 levels left

rFire    + . .     SeeInvis .   z - +3 flail "Gaqihuc" {vorpal, MR+}
rCold    x . .     Gourm    .   (no shield)
rNeg     . . .     Faith    .   f - +0 ring mail
rPois    .         Spirit   .   (helmet restricted)
rElec    .         Reflect  .   b - +1 cloak
rCorr    .         Harm     .   j - +0 pair of gloves
MR       +++..                  (no boots)
Stlth    +.........             t - amulet of regeneration
HPRegen  1.63/turn              q - ring of fire
MPRegen  0.13/turn              (no ring)

@: corroded, regenerating
A: retaliatory headbutt, horns 2
a: Berserk, Trog's Hand, Brothers in Arms, Renounce Religion


You were on level 9 of the Dungeon.
You worshipped Trog.
Trog was greatly pleased with you.
You were near starving.

You visited 2 branches of the dungeon, and saw 10 of its levels.

You collected 638 gold pieces.

Inventory:

Hand Weapons
 p - a +0 war axe
 z - the +3 flail "Gaqihuc" (weapon) {vorpal, MR+}
   (You found it on level 9 of the Dungeon)

   It inflicts extra damage upon your enemies.
   It affects your resistance to hostile enchantments.
Armour
 b - a +1 cloak (worn)
 f - a +0 ring mail (worn)
 j - a +0 pair of gloves (worn)
 n - a +0 kite shield
Jewellery
 q - a ring of fire (left hand)
 t - an amulet of regeneration (around neck)
Wands
 a - a wand of polymorph (15)
 d - a wand of random effects (35)
 e - a wand of flame (25)
 g - a wand of iceblast (11)
 u - a wand of digging (7)
 y - a wand of disintegration (11)
Scrolls
 h - 9 scrolls of identify
 i - 2 scrolls of teleportation
 r - a scroll of blinking
 w - 2 scrolls of enchant armour
 x - a scroll of magic mapping
Potions
 k - 4 potions of lignification
 l - 2 potions of stabbing
 m - a potion of might {unknown}
 s - 2 potions of curing
 v - a potion of heal wounds
Comestibles
 c - 19 rations


   Skills:
 * Level 6.1 Fighting
 - Level 18.1 Axes
 - Level 2.4 Armour
 - Level 2.1 Dodging
 - Level 6.4 Evocations


You had 9 spell levels left.
You didn't know any spells.
Your spell library was empty.

Dungeon Overview and Level Annotations

Branches:
Dungeon (9/15)             Temple (1/1) D:4
   Lair: D:8-11         Orc: D:9-12

Altars:
Ashenzari
Cheibriados
Dithmenos
Elyvilon
Fedhas
Gozag
Hepliaklqana
Makhleb
Nemelex Xobeh
Okawaru
Ru
Sif Muna
Uskayaw
Vehumet
Wu Jian
Xom
Yredelemnul
Zin
The Shining One


Innate Abilities, Weirdness & Mutations

You reflexively headbutt those who attack you in melee.
You have a pair of horns on your head.


Message History

The brown ugly thing bites you!
* * * LOW HITPOINT WARNING * * *
You are splashed with acid!
* * * LOW HITPOINT WARNING * * *
You bludgeon the brown ugly thing!!
The brown ugly thing is almost dead.
You hear two shouts!
You hear an angry hiss.
You closely miss the brown ugly thing.
You headbutt the brown ugly thing, but do no damage.
The brown ugly thing is almost dead.
The brown ugly thing closely misses you.
You furiously retaliate!
You headbutt the brown ugly thing, but do no damage.
You hit the brown ugly thing.
Your headbutt misses the brown ugly thing.
The brown ugly thing is almost dead.
The brown ugly thing bites you!
* * * LOW HITPOINT WARNING * * *
The acid corrodes you!
You are splashed with acid!
You die...

.........##.###
#..............
#####.......... #
##.####...... ####
###.##...#### ...#
##.#..#..#######..#
#.#.#####).#.#..####
.##.##...##...##...#
.#.##.#...##.##u@.#^#
.#..#..#.# ###a#.#..#
.#..#...# $.###...#
..##.#.## ..#u #.#.#
..##.##.#.# . ##.#
..###.##.. # #
..##...#.#. ..###.##
. # ..##)## .#


You could see a brown ugly thing and a worker ant.

Vanquished Creatures
  Grinder (D:4)
  Menkaure (D:7)
  An orc warrior (D:6)
  An ice beast (D:6)
  A sky beast (D:7)
  A black bear (D:6)
  A phantom (D:5)
  A centaur (D:6)
  5 ogres
  A big kobold (D:6)
  4 bullfrogs
  A wyvern zombie (D:7)
  A wyvern skeleton (D:6)
  A scorpion (D:6)
  3 howler monkeys
  5 crimson imps
  A centaur skeleton (D:5)
  4 hounds
  6 orc wizards
  A bullfrog skeleton (D:5)
  4 orc priests
  Jessica (D:3)
  3 iguanas
  Ijyb (D:3)
  4 worker ants
  Natasha (thrice) (D:3)
  A killer bee zombie (D:5)
  A hound zombie (D:5)
  A howler monkey zombie (D:9)
  A howler monkey skeleton (D:4)
  15 adders
  9 gnolls
  An ooze (D:3)
  2 adder skeletons
  An adder zombie (D:9)
  3 worms (D:2)
  3 dart slugs
  5 leopard geckos
  19 orcs
  7 bats
  4 giant cockroaches
  6 goblins
  10 hobgoblins
  6 jackals
  4 kobolds
  5 quokkas
  2 ball pythons
  12 frilled lizards
  A quokka skeleton (D:6)
  14 rats
190 creatures vanquished.

Vanquished Creatures (others)
  A hound zombie (D:7)
1 creature vanquished.

Grand Total: 191 creatures vanquished

Notes
Turn   | Place    | Note
-------+----------+-------------------------------------------
     0 | D:1      | Cazemata the Minotaur Berserker began the quest for the
                  | Orb.
     0 | D:1      | Reached XP level 1. HP: 19/19 MP: 0/0
   113 | D:1      | Reached skill level 4 in Axes
   287 | D:1      | Reached XP level 2. HP: 26/26 MP: 1/1
   615 | D:1      | Reached skill level 5 in Axes
   946 | D:2      | Reached XP level 3. HP: 31/31 MP: 2/2
  1391 | D:2      | Reached skill level 6 in Axes
  1391 | D:2      | Reached XP level 4. HP: 24/39 MP: 3/3
  1392 | D:2      | Reached ** piety under Trog
  1654 | D:2      | Reached XP level 5. HP: 36/45 MP: 4/4
  1802 | D:2      | Reached skill level 7 in Axes
  2367 | D:3      | Reached skill level 8 in Axes
  2374 | D:3      | Reached XP level 6. HP: 35/51 MP: 5/5
  2390 | D:3      | Upgraded the game from 0.25.1-3-ge44b62a0b3 to
                  | 0.25.1-4-g9407a263a5
  2408 | D:3      | Noticed Jessica
  2415 | D:3      | Killed Jessica
  2460 | D:3      | Reached *** piety under Trog
  2714 | D:3      | Noticed Natasha
  2716 | D:3      | Noticed Ijyb
  2727 | D:3      | Killed Natasha
  2727 | D:3      | Reached skill level 9 in Axes
  2730 | D:3      | Killed Ijyb
  2834 | D:3      | Noticed Natasha
  2840 | D:3      | Killed Natasha
  2851 | D:3      | Noticed Natasha
  2861 | D:3      | Killed Natasha
  3078 | D:4      | Reached XP level 7. HP: 47/57 MP: 6/6
  3112 | D:4      | Reached skill level 10 in Axes
  3438 | D:4      | Reached skill level 14 in Axes
  3438 | D:4      | Reached XP level 8. HP: 64/64 MP: 6/11
  3442 | D:4      | Reached skill level 17 in Axes
  3442 | D:4      | Reached XP level 9. HP: 70/70 MP: 12/12
  3647 | D:4      | Noticed Grinder
  3659 | D:4      | Killed Grinder
  3744 | D:4      | Found a staircase to the Ecumenical Temple.
  3753 | Temple   | Entered the Ecumenical Temple
  3980 | D:4      | Reached **** piety under Trog
  4004 | D:4      | Got a dazzling hunting sling
  4202 | D:5      | Entered Level 5 of the Dungeon
  4681 | D:5      | Found a shimmering blue altar of Sif Muna.
  5195 | D:5      | Reached skill level 18 in Axes
  5493 | D:6      | Reached XP level 10. HP: 73/77 MP: 13/13
  6602 | D:7      | Noticed Menkaure
  6609 | D:7      | Killed Menkaure
  6609 | D:7      | Reached skill level 5 in Fighting
  6797 | D:7      | Found a hazy altar of Hepliaklqana.
  8302 | D:9      | Got a scorched flail
  8303 | D:9      | Identified the cursed +3 flail "Gaqihuc" {vorpal, MR+} (You
                  | found it on level 9 of the Dungeon)
  8421 | D:9      | Noticed a brown ugly thing
  8436 | D:9      | HP: 4/83 [brown ugly thing (8)]
  8436 | D:9      | Splashed by a brown ugly thing's acid

Illustrated notes

Levels and vault maps discovered:
D:1:      tarquinn_simple_flora_water_e, layout_basic, minmay_fountain_box,
          minivault_5, minmay_misc_feat_x
D:2:      layout_basic, first_ration, hangedman_decor_points, st_stairs_14
D:3:      layout_rooms, minmay_bisected, uniq_jessica, uniq_ijyb, uniq_natasha
D:4:      layout_basic, minmay_temple_entry_poolview, uniq_grinder
D:5:      layout_gridville, lemuel_crystal_altar
D:6:      layout_layer_cave, dk_vineyard_2, minmay_chambers_of_fives
D:7:      layout_loops_ring, marbit_many_paths, grunt_ogre_cave, uniq_menkaure
D:8:      layout_loops_ring
D:9:      minmay_ornate_pinched, layout_loops_ring, grunt_temple_overflow_open,
          kennysheep_small_square
Temple:   minmay_crystal_spiral_temple

Skill      XL: |  1  2  3  4  5  6  7  8  9 10 |
---------------+-------------------------------+-----
Axes           | 4 5 6 8 9 14 17 18 | 18.1
Evocations     | 6 |  6.4
Fighting       | 6 |  6.1
Armour         | |  2.4
Dodging        | |  2.1

Action                   |  1- 3 |  4- 6 |  7- 9 | 10-12 || total
-------------------------+-------+-------+-------+-------++-------
Melee: Hand axe          |    76 |   173 |   200 |    69 ||   518
       Headbutt          |    10 |    28 |    37 |    24 ||    99
       War axe           |       |       |       |    70 ||    70
       Flail             |       |       |       |    18 ||    18
Invok: Berserk           |     1 |     1 |       |       ||     2
       Trog's Hand       |       |       |     2 |     2 ||     4
  Use: Scroll            |       |     4 |    10 |     4 ||    18
       Potion            |       |       |     8 |       ||     8
  Eat: Chunk             |     1 |     7 |     9 |     8 ||    25
Armor: Ring mail         |    21 |    71 |    35 |    42 ||   169
       Animal skin       |     2 |       |       |       ||     2
Dodge: Dodged            |    57 |   114 |    80 |    58 ||   309
